 Dungeon Crawl Stone Soup version 0.30-a0-23-ge60ba3568b (webtiles) character file.

Game seed: 1120253695499828733

44 purpskrrrp the Shield-Bearer (level 3, -1/23 HPs)
             Began as a Gargoyle Fighter on Aug 24, 2022.
             Was a Follower of Dithmenos.
             Killed from afar by Terence (13 damage)
             ... with a bolt of dispelling energy
             ... on level 2 of the Dungeon.
             The game lasted 00:02:05 (1823 turns).

purpskrrrp the Shield-Bearer (Gargoyle Fighter)     Turns: 1823, Time: 00:02:05

Health: -1/23      AC: 12    Str: 21    XL:     3   Next: 62%
Magic:  3/3        EV:  7    Int:  8    God:    Dithmenos [*.....]
Gold:   24         SH:  4    Dex:  9    Spells: 2/2 levels left

rFire   . . .      SeeInvis .    a - +0 flail
rCold   . . .      Faith    .    c - +0 buckler
rNeg    + . .      Spirit   .    f - +0 chain mail
rPois   ∞          Reflect  .    (no helmet)
rElec   +          Harm     .    (no cloak)
rCorr   .          Rampage  .    (no gloves)
Will    .....                    (no boots)
Stlth   ..........               (no amulet)
HPRegen 0.07/turn                (no ring)
MPRegen 0.08/turn                (no ring)

@: wreathed by umbra
A: sickness immunity, AC +3, negative energy resistance 1, electricity
resistance, torment resistance 1, petrification resistance
a: Renounce Religion


You were on level 2 of the Dungeon.
You worshipped Dithmenos.
Dithmenos was aware of your devotion.
You visited 1 branch of the dungeon, and saw 2 of its levels.

You collected 24 gold pieces.

Inventory:

Hand Weapons
 a - a +0 flail (weapon)
Missiles
 e - 3 poisoned darts (quivered)
Armour
 b - a +0 scale mail
 c - a +0 buckler (worn)
 f - a +0 chain mail (worn)
Scrolls
 h - a scroll of vulnerability {unknown}
 i - a scroll of noise {unknown}
 j - a scroll of identify {unknown}
 k - 2 scrolls of poison {unknown}
 m - a scroll of amnesia {unknown}
Potions
 d - a potion of might
 g - a potion of degeneration {unknown}
 l - a potion of berserk rage {unknown}
 n - a potion of cancellation {unknown}


   Skills:
 - Level 3.2 Fighting
 * Level 2.9 Maces & Flails
 + Level 3.6 Armour
 + Level 1.4 Stealth
 + Level 3.6 Shields


You had 2 spell levels left.
You didn't know any spells.
Your spell library contained the following spells:

 Spells                   Type           Power      Damage    Failure   Level
 Magic Dart               Conj           0%         1d3       99%         1
 Searing Ray              Conj           0%         2d4       100%        2
 Conjure Flame            Conj/Fire      0%         6-21      100%        3
 Ignite Poison            Fire/Tmut/Pois 0%         N/A       100%        3
 Fulminant Prism          Conj/Hex       0%         3d6       100%        4
 Sticky Flame             Conj/Fire      0%         2d3       100%        4


Dungeon Overview and Level Annotations

Branches:
Dungeon (2/15)

Altars:
Dithmenos

Annotations:
D:2 Terence


Innate Abilities, Weirdness & Mutations

You are immune to sickness and miasma.
Your stone body is resilient. (AC +3)
You are immune to poison.
You resist negative energy. (rN+)
You are resistant to electric shocks. (rElec)
You are resistant to unholy torment.
You are immune to petrification.


Message History

No target in view!
No target in view!
No target in view!
No target in view!
No target in view!
No target in view!
No target in view!
No target in view!
No target in view!
No target in view!
No target in view!
No target in view!
No target in view!
Things that are here:
a +0 club; a goblin corpse
There is a stone staircase leading up here.
You climb upwards.
There is a stone staircase leading down here.
There is a faded altar of an unknown god here.
You cannot tell which god this altar belongs to.
Convert to them anyway?
Dithmenos accepts your prayer! Dithmenos welcomes you!
You are shrouded in an aura of darkness!
Done exploring.
There is a stone staircase leading down here.
You climb downwards.
There is a stone staircase leading up here.
n - a yellow potion
Things that are here:
a +0 robe; a +0 dagger; the human corpse of Jessica As you open the door, it creaks loudly!
There is an open door here.
Found 6 stones.
Terence the Incautious comes into view.
He is wielding a +0 falchion and carrying a wand of quicksilver (7).
Terence zaps a wand.
The bolt of dispelling energy hits you.
Terence zaps a wand.
The bolt of dispelling energy hits you.
You closely miss Terence.
Terence zaps a wand.
The bolt of dispelling energy hits you!
Ouch! That really hurt!
You die...

### ##
##########.##.#
#.........(...#
#.########..#.#
#.#..# #@.# #.#..#
#@.# #####'#..#
...# #........#
.#..# #.....[..#
#.#...
#......).###......
#........<........
+......########....
#.......


You could see Terence.

Vanquished Creatures
  Jessica (D:2)
  A dart slug (D:1)
  2 endoplasms (D:1)
  3 hobgoblins (D:1)
  4 bats (D:1)
  A frilled lizard (D:1)
  2 goblins
  A kobold (D:1)
  3 rats (D:1)
  A bush (D:1)
19 creatures vanquished.

Vanquished Creatures (others)
  A plant (D:1)
1 creature vanquished.

Grand Total: 20 creatures vanquished

Notes
Turn   | Place    | Note
-------+----------+-------------------------------------------
     0 | D:1      | purpskrrrp the Gargoyle Fighter began the quest for the
                  | Orb.
     0 | D:1      | Reached XP level 1. HP: 14/14 MP: 1/1
   552 | D:1      | Reached XP level 2. HP: 16/19 MP: 2/2
   767 | D:1      | Found a faded altar of an unknown god.
  1401 | D:1      | Reached skill level 1 in Stealth
  1747 | D:2      | Noticed Jessica
  1751 | D:2      | Killed Jessica
  1752 | D:2      | Reached XP level 3. HP: 23/23 MP: 3/3
  1782 | D:1      | Prayed at the altar of an unknown god.
  1782 | D:1      | Became a worshipper of Dithmenos the Shadowed
  1782 | D:1      | Reached * piety under Dithmenos
  1820 | D:2      | Noticed Terence
  1823 | D:2      | Killed from afar by Terence

Illustrated notes

Levels and vault maps discovered:
D:1:      sevenhm_arrival_forest_fort_large_4, layout_basic,
          shapermc_ecumenical_altar_mp_highgroup
D:2:      layout_basic, minmay_misc_feat_tower, uniq_terence, uniq_jessica,
          uniq_natasha

Skill      XL: |  1  2 |
---------------+-------+-----
Stealth        | 1 |  1.4
Fighting       | |  3.2
Maces & Flails | |  2.9
Armour         | |  3.6
Shields        | |  3.6

Action                   || total
-------------------------++-------
Melee: Flail             ||   152
Armor: Chain mail        ||    71
Dodge: Dodged            ||    42
Block: Buckler           ||    24

Table legend: (Time is in decaauts)
 A = Elapsed time spent in this place.
 B = Non-inter-level travel time spent in this place.
 C = Inter-level travel time spent in this place.
 D = Time resting spent in this place.
 E = Time spent auto-exploring this place.
 F = Levels seen in this place.
 G = Mean time per level.
                   A        B        C        D        E       F      G
               +--------+--------+--------+--------+--------+-----+--------+
         Total |   1874 |   1830 |     44 |    150 |   1320 |   2 |  937.0 |
       Dungeon |   1874 |   1830 |     44 |    150 |   1320 |   2 |  937.0 |
               +--------+--------+--------+--------+--------+-----+--------+

Top non-repeatable levels by time:
     D:1: 1839 daAuts
     D:2: 34 daAuts
